 Dungeon Crawl Stone Soup version 0.18-a0-1774-gce1f7b6 (webtiles) character file.

31934 Zhenya25pyc the Bludgeoner (level 13, -5/86 HPs)
             Began as a Gargoyle Fighter on Apr 15, 2016.
             Was the Champion of Makhleb.
             Slain by a greater naga
             ... wielding a +0 spear
              (12 damage)
             ... on level 2 of the Snake Pit.
             The game lasted 01:50:22 (13898 turns).

Zhenya25pyc the Bludgeoner (Gargoyle Fighter)      Turns: 13898, Time: 01:50:23

Health: -5/86      AC: 28    Str: 28    XL:     13   Next: 61%
Magic:  22/22      EV:  6    Int: 14    God:    Makhleb [******]
Gold:   500        SH:  0    Dex: 12    Spells: 0 memorised, 12 levels left

rFire  . . .     SeeInvis .     N - +6 dire flail
rCold  . . .     Gourm    .     L - +4 chain mail of Distant Worlds {MR+ MP+9 Str+2}
rNeg   + . .     Faith    .     (shield currently unavailable)
rPois  ∞         Spirit   .     l - +0 helmet
rElec  +         Dismiss  .     (no cloak)
rCorr  .         Reflect  .     (no gloves)
SustAt .         Harm     .     D - +0 pair of boots
MR     ++...                    a - amulet "Qicvuin" {RegenMP Int+4 Dex+3}
Stlth  ++........               s - ring of protection from magic
                                h - ring of stealth

@: constricted, very resistant to hostile enchantments, unstealthy
A: negative energy resistance 1, electricity resistance, strong 1, unbreathing,
petrification resistance, rot immunity, AC +9
a: Minor Destruction, Lesser Servant of Makhleb, Major Destruction, Greater
Servant of Makhleb, Renounce Religion


You were on level 2 of the Snake Pit.
You worshipped Makhleb.
Makhleb was exalted by your worship.
You were hungry.

You visited 3 branches of the dungeon, and saw 17 of its levels.
You also visited: Ossuary.

You collected 796 gold pieces.
You spent 296 gold pieces at shops.

Inventory:

Hand Weapons
 N - a +6 dire flail (weapon)
Missiles
 T - 4 tomahawks (quivered)
Armour
 l - a +0 helmet (worn)
 q - a +0 plate armour
 D - a +0 pair of boots (worn)
 F - the -8 large shield of the Ditch-Digger {rElec Str+6, unknown}
   (You acquired it on level 4 of the Lair of Beasts)

   It affects your strength (+6).
   It insulates you from electricity.
 L - the +4 chain mail of Distant Worlds (worn) {MR+ MP+9 Str+2}
   (You found it on level 9 of the Dungeon)

   It affects your strength (+2).
   It affects your resistance to hostile enchantments.
   It affects your magic capacity (+9).
Jewellery
 a - the amulet "Qicvuin" (around neck) {RegenMP Int+4 Dex+3}
   (You found it on level 1 of the Snake Pit)

   [amulet of magic regeneration]

   It increases your magic regeneration.
   It affects your intelligence (+4).
   It affects your dexterity (+3).
 h - a ring of stealth (left hand)
 p - a +3 ring of intelligence {unknown}
 s - a ring of protection from magic (right hand)
Wands
 M - a wand of paralysis (12/24)
 P - a wand of iceblast (12/15)
 W - a wand of polymorph (13/24)
 X - a wand of slowing (34/48)
 Y - a wand of confusion (29/48)
Scrolls
 b - 4 scrolls of noise
 c - a scroll of identify
 e - 6 scrolls of remove curse
 i - 4 scrolls of recharging
 k - 5 scrolls of teleportation
 n - 2 scrolls of blinking
 o - 3 scrolls of amnesia
 v - 2 scrolls of random uselessness {unknown}
 w - 2 scrolls of magic mapping
 x - a scroll of fog {unknown}
 y - 3 scrolls of fear
 J - a scroll of immolation {unknown}
 V - a scroll of summoning {unknown}
Potions
 d - 5 potions of might
 g - 3 potions of flight
 j - 2 potions of invisibility {unknown}
 m - 2 potions of degeneration {unknown}
 r - 2 potions of mutation {unknown}
 t - 3 potions of berserk rage
 A - 5 potions of agility
 C - a potion of ambrosia {unknown}
 E - 3 potions of haste
 H - 3 potions of curing
 I - a potion of lignification {unknown}
 O - 2 potions of cure mutation {unknown}
Comestibles
 f - 10 bread rations
 B - 2 slices of pizza
 Q - 5 meat rations
 U - 10 fruits


   Skills:
 + Level 12.0 Fighting
 * Level 15.1 Maces & Flails
 + Level 12.0 Armour
 + Level 8.6 Stealth
 - Level 3.2 Shields


You had 12 spell levels left.
You didn't know any spells.

Dungeon Overview and Level Annotations

Branches:
Dungeon (11/15)            Temple (0/1) D:7            Lair (4/8) D:11
  Snake (2/4) Lair:4
  Swamp: Lair:3-6    Shoals: Lair:3-6       Orc: D:9-12

Altars:
Dithmenos
Fedhas
Kikubaaqudgha
Makhleb
Okawaru
Ru
Trog
Zin
The Shining One

Shops:
D:5 %   D:6 *   D:7 }

Portals:
Ice
Cave: Lair:4

Annotations:
Lair:4 exclusion: oklob plant


Innate Abilities, Weirdness & Mutations

You are resistant to torment.
Your stone body is resilient (AC +9).
You are immune to poison.
You resist negative energy.
You are resistant to electric shocks.
You can survive without breathing.
You are immune to petrification.
You are immune to rotting.
Your muscles are strong. (Str +2)


Message History

The naga sharpshooter unwields an uncursed mace.
The naga sharpshooter wields a shortbow.
The naga sharpshooter shoots an arrow.
The arrow hits you!
The greater naga hits you but does no damage.
The greater naga constricts you.
You barely miss the greater naga.
The greater naga is heavily wounded.
You barely miss the greater naga.
The greater naga is heavily wounded.
The greater naga points at you and mumbles some strange words.
The orb of energy hits you!
* * * LOW HITPOINT WARNING * * *
x2 The greater naga constricts you.
A demon appears!
It doesn't seem very happy.
You feel somewhat more hungry. The greater naga spits poison at you.
The splash of poison hits you! You resist. The greater naga constricts you.
The greater naga hits you with a spear!
You die...

..#####.####.#....#...#.
#(# #.#....#.###
..#####.# #.#..#.#..
........# ...........
.#####..# #.....#......
#..# #.......#.. #2.#
##.#..# # #.N###....###
#.@.........#
##.###N...... ....
....... ...#.## ##.....
###.#.# ..... # #.# ....
#N# ... #.# ...


You could see a greater naga, a naga sharpshooter, a blizzard demon and a naga.

Vanquished Creatures
  Snorg (Lair:3)
  2 naga warriors
  A hydra (D:9)
  A centaur warrior (D:9)
  5 anacondas (Snake:1)
  A tengu warrior (D:9)
  A naga sharpshooter (Snake:1)
  2 shock serpents (Snake:1)
  3 mana vipers (Snake:1)
  2 salamanders (Snake:1)
  Joseph (D:9)
  9 black mambas
  4 elephants (Lair:2)
  A guardian serpent (Snake:2)
  A naga mage (Snake:1)
  2 spiny frogs
  A rime drake (Lair:4)
  4 komodo dragons
  A merfolk (D:10)
  A troll (D:9)
  A two-headed ogre (D:9)
  14 yaks
  A hungry ghost (D:8)
  7 hippogriffs
  2 steam dragons (D:6)
  Menkaure (D:7)
  6 nagas
  8 water moccasins
  4 porcupines
  3 orc warriors
  3 sky beasts
  Duvessa (D:7)
  4 ice beasts (D:7)
  A black bear (Lair:1)
  An eye of draining (D:11)
  A phantom (D:10)
  A necrophage (D:11)
  8 centaurs
  6 crocodiles
  An ogre (D:8)
  10 wolves
  6 elf zombies (Ossuary)
  2 big kobolds
  19 giant frogs
  Dowan (D:7)
  3 scorpions
  8 wights (D:8)
  6 crimson imps
  3 centaur zombies
  A giant frog zombie (D:8)
  4 human zombies (Ossuary)
  7 hounds
  3 orc priests (D:7)
  A wasp zombie (D:10)
  3 giant frog skeletons
  5 jellies
  10 orc wizards
  Jessica (D:2)
  2 iguanas
  7 worker ants
  4 mummies
  A worker ant zombie (D:9)
  A howler monkey skeleton (D:8)
  15 adders
  3 gnolls (D:6)
  25 river rats
  A shadow imp (D:9)
  An ooze (D:3)
  An adder zombie (D:6)
  2 adder skeletons
  5 worms
  2 dart slugs (D:1)
  14 giant geckos
  23 orcs
  A ball python (D:3)
  5 giant cockroaches
  9 goblins
  5 hobgoblins
  11 jackals
  13 kobolds
  4 quokkas
  5 bats
  A giant cockroach zombie (D:6)
  11 giant newts
  A hobgoblin zombie (D:6)
  An orc zombie (D:6)
  4 rats
389 creatures vanquished.

Vanquished Creatures (others)
  A wolf (Lair:4)
  An orc wizard (D:4)
2 creatures vanquished.

Grand Total: 391 creatures vanquished

Notes
Turn   | Place    | Note
--------------------------------------------------------------
     0 | D:1      | Zhenya25pyc the Gargoyle Fighter began the quest for the Orb.
     0 | D:1      | Reached XP level 1. HP: 14/14 MP: 1/1
    61 | D:1      | Reached XP level 2. HP: 17/19 MP: 2/2
   484 | D:1      | Found a sacrificial altar of Ru.
   641 | D:2      | Reached XP level 3. HP: 23/23 MP: 3/3
   653 | D:2      | Reached skill level 3 in Maces & Flails
   734 | D:2      | Noticed Jessica
   749 | D:2      | Killed Jessica
   749 | D:2      | Reached XP level 4. HP: 28/29 MP: 4/4
   755 | D:2      | Found a sacrificial altar of Ru.
  1322 | D:3      | Reached skill level 4 in Maces & Flails
  1322 | D:3      | Reached XP level 5. HP: 32/33 MP: 5/5
  2113 | D:3      | Reached XP level 6. HP: 39/39 MP: 6/6
  2559 | D:4      | Found a burning altar of Makhleb.
  2587 | D:4      | Became a worshipper of Makhleb the Destroyer
  2595 | D:4      | Found an ancient bone altar of Kikubaaqudgha.
  3107 | D:4      | Reached skill level 5 in Armour
  3121 | D:5      | Entered Level 5 of the Dungeon
  3156 | D:5      | Reached skill level 5 in Maces & Flails
  3249 | D:5      | Found a shadowy altar of Dithmenos.
  3284 | D:5      | Reached skill level 5 in Fighting
  3302 | D:5      | Reached XP level 7. HP: 34/44 MP: 7/7
  3537 | D:5      | Found Jaunous's Food Boutique.
  3543 | D:5      | Bought a beef jerky for 18 gold pieces
  3543 | D:5      | Bought a slice of pizza for 18 gold pieces
  3805 | D:6      | Found a bloodstained altar of Trog.
  3820 | D:6      | Found Veipuas's Assorted Antiques.
  3852 | D:6      | Found a bloodstained altar of Trog.
  3853 | D:6      | Found a glowing golden altar of the Shining One.
  3853 | D:6      | Found a glowing silver altar of Zin.
  4046 | D:6      | Found a sand-covered staircase.
  4061 | Ossuary  | Entered an ossuary
  4091 | Ossuary  | Reached skill level 6 in Maces & Flails
  4127 | Ossuary  | Reached * piety under Makhleb
  4139 | Ossuary  | Reached XP level 8. HP: 22/51 MP: 8/8
  4414 | Ossuary  | Reached skill level 7 in Maces & Flails
  4933 | D:6      | Found an iron altar of Okawaru.
  4976 | D:7      | Reached ** piety under Makhleb
  4976 | D:7      | Reached skill level 8 in Maces & Flails
  5001 | D:7      | Reached XP level 9. HP: 57/57 MP: 9/9
  5099 | D:7      | Noticed Duvessa
  5099 | D:7      | Noticed Dowan
  5111 | D:7      | Killed Dowan
  5119 | D:7      | Killed Duvessa
  5316 | D:7      | Reached skill level 9 in Maces & Flails
  5556 | D:7      | Found a staircase to the Ecumenical Temple.
  5612 | D:7      | Found Ludule's Gadget Emporium.
  5615 | D:7      | Bought a wand of digging (6/24) for 260 gold pieces
  5647 | D:7      | Noticed Menkaure
  5655 | D:7      | Killed Menkaure
  5982 | D:7      | Reached *** piety under Makhleb
  6346 | D:8      | Reached XP level 10. HP: 44/64 MP: 10/10
  6349 | D:8      | Reached skill level 10 in Maces & Flails
  6829 | D:8      | Reached **** piety under Makhleb
  7127 | D:9      | Identified 2 scrolls of acquirement
  7146 | D:9      | Noticed a tengu warrior
  7169 | D:9      | Killed a tengu warrior
  7177 | D:9      | Reached skill level 11 in Maces & Flails
  7246 | D:9      | Noticed a seven-headed hydra
  7281 | D:9      | Killed a seven-headed hydra
  7324 | D:9      | Noticed a centaur warrior
  7338 | D:9      | Killed a centaur warrior
  7338 | D:9      | Reached XP level 11. HP: 64/72 MP: 11/11
  7429 | D:9      | Noticed Joseph
  7443 | D:9      | Killed Joseph
  7443 | D:9      | Reached skill level 12 in Maces & Flails
  7518 | D:9      | Got a brightly glowing great sword
  7519 | D:9      | Identified the +6 great sword of Vinorphe {slice, rPois rN+} (You found it on level 9 of the Dungeon)
  7568 | D:9      | Got a blackened chain mail
  7579 | D:9      | Identified the +4 chain mail of Distant Worlds {MR+ MP+9 Str+2} (You found it on level 9 of the Dungeon)
  7682 | D:9      | Reached skill level 10 in Fighting
  8216 | D:9      | Gained mutation: Your muscles are strong. (Str +2) [mutagenic meat]
  8221 | D:9      | Identified the Almanac of the Ashen Voyage
  8337 | D:10     | Entered Level 10 of the Dungeon
  8360 | D:10     | Reached ***** piety under Makhleb
  8493 | D:10     | Reached skill level 10 in Armour
  9218 | D:11     | Found a staircase to the Lair.
  9223 | Lair:1   | Entered Level 1 of the Lair of Beasts
  9519 | Lair:1   | Reached skill level 13 in Maces & Flails
  9519 | Lair:1   | Reached skill level 1 in Stealth
 10086 | Lair:2   | Reached XP level 12. HP: 79/79 MP: 12/12
 10368 | Lair:2   | Found a blossoming altar of Fedhas.
 10406 | Lair:2   | Reached skill level 5 in Stealth
 10421 | Lair:2   | Reached ****** piety under Makhleb
 10935 | Lair:3   | Noticed Snorg
 10950 | Lair:3   | Killed Snorg
 11670 | Lair:4   | Reached skill level 14 in Maces & Flails
 11674 | Lair:4   | Found a frozen archway.
 11953 | Lair:4   | Got a scorched large shield
 11960 | Lair:4   | Found a staircase to the Snake Pit.
 12047 | Snake:1  | Entered Level 1 of the Snake Pit
 12047 | Snake:1  | Noticed a naga warrior
 12047 | Snake:1  | Noticed an anaconda
 12056 | Snake:1  | Killed an anaconda
 12070 | Snake:1  | Killed a naga warrior
 12123 | Snake:1  | Noticed a shock serpent
 12132 | Snake:1  | Killed a shock serpent
 12132 | Snake:1  | Reached XP level 13. HP: 78/84 MP: 13/13
 12792 | Snake:1  | Got a clouded amethyst amulet
 12812 | Snake:1  | Identified the amulet "Qicvuin" {RegenMP Int+4 Dex+3} (You found it on level 1 of the Snake Pit)
 13272 | Snake:1  | Reached skill level 15 in Maces & Flails
 13857 | Snake:2  | Noticed a greater naga
 13898 | Snake:2  | Noticed a blizzard demon
 13898 | Snake:2  | Slain by a greater naga

Vault maps used:
D:1:      dpeg_arrival_water_altar
D:2:      nicolae_ru_great_annihilating_truth, uniq_jessica
D:3:      first_bread
D:4:      bloody_makhleb, nicolae_overflow_crystal_walls,
          grunt_decor_mini_mirrors
D:5:      serial_shops, nicolae_shop_behind_doors,
          nicolae_dithmenos_shadow_blocks
D:6:      kennysheep_steamy, grunt_temple_overflow_open, kennysheep_little_box,
          nicolae_ossuary_entry_giza, serial_shops, shop, bloody_trog
D:7:      temple_hall, serial_shops, kennysheep_mini_moat, uniq_menkaure,
          uniq_duvessa
D:9:      minmay_cut_squares, uniq_joseph
D:10:     hangedman_fish_farm
D:11:     lair_0_dummy, uniq_fannar
Lair:1:   pond, grunt_megastairs_1
Lair:2:   basic_altar
Lair:3:   uniq_snorg
Lair:4:   dummy_snake_entry, portal_ice_cave_entry_pillars_02, lemuel_fruit_tree
Snake:1:  grunt_ministairs_8, nicolae_large_snake_swirl
Snake:2:  abandoned_shop, st_stairs_13, serial_bayou_shore_b
Ossuary:  ossuary_minmay_four_chambers

Skill      XL: |  1  2  3  4  5  6  7  8  9 10 11 12 13 |
---------------+----------------------------------------+-----
Maces & Flails | 3 4 5 6 8 9 11 13 14 15 | 15.1
Fighting       | 4 5 7 8 9 10 11 12 | 12.0
Armour         | 4 5 7 8 9 10 11 12 | 12.0
Stealth        | 3 7 8 |  8.6
Shields        | |  3.2

Action                   |  1- 3 |  4- 6 |  7- 9 | 10-12 | 13-15 || total
-------------------------+-------+-------+-------+-------+-------++-------
Melee: Flail             |    87 |   366 |   641 |   184 |       ||  1278
       Dire flail        |       |       |       |   690 |   186 ||   876
       Great sword       |       |       |       |     7 |       ||     7
Throw: Tomahawk          |       |       |       |       |     2 ||     2
Invok: Greater Servant o |       |       |       |       |     1 ||     1
Evoke: Wand              |       |       |       |     1 |       ||     1
  Use: Scroll            |       |       |       |    25 |       ||    25
       Potion            |       |       |       |     1 |       ||     1
 Stab: Paralysed         |       |     1 |       |       |       ||     1
  Eat: Chunk             |       |     6 |     7 |    20 |     4 ||    37
       Bread ration      |       |     1 |       |       |       ||     1
       Beef jerky        |       |       |     1 |     2 |       ||     3
       Pizza             |       |       |       |     1 |     1 ||     2
Armor: Scale mail        |    30 |    59 |       |       |       ||    89
       Chain mail        |       |   117 |   247 |   461 |   109 ||   934
       Plate armour      |       |       |       |    60 |       ||    60
Dodge: Dodged            |    21 |    80 |    67 |   239 |    50 ||   457
Block: Shield            |    41 |   276 |   310 |   111 |       ||   738
       Reflection        |       |       |     3 |     5 |       ||     8
       Other             |       |       |       |   117 |     9 ||   126
